 Dungeon Crawl Stone Soup version 0.31-a0-1576-ga3383bade6 (webtiles) character file.

Game seed: 7669170433840377338

27476 grandjackal the Fighter (level 13, -13/112 HPs)
             Began as a Demonspawn Gladiator on Jan 4, 2024.
             Was a High Priest of Uskayaw.
             Mangled by an orc knight
             ... wielding a +2 great sword
              (20 damage)
             ... on level 1 of the Orcish Mines.
             The game lasted 00:15:58 (13575 turns).

grandjackal the Fighter (Demonspawn Gladiator)     Turns: 13575, Time: 00:15:59

Health: -13/112    AC: 14    Str: 18    XL:     13   Next: 4%
Magic:  22/22      EV: 10    Int: 10    God:    Uskayaw [*****.]
Gold:   1242       SH:  7    Dex: 15    Spells: 12/12 levels left

rFire   + . .        K - +0 war axe (drain)
rCold   . . .        P - +2 buckler {rPois}
rNeg    . . .        w - +0 scale mail
rPois   +            c - +0 helmet
rElec   +            x - +1 cloak {Will+}
rCorr   .            I - +0 pair of gloves
SInv    +            (boots unavailable)
Will    +....        a - amulet of the acrobat Stlth
                     T - ring of protection from fire
HPRegen 0.38/turn    S - ring of see invisible
MPRegen 0.18/turn

%: acrobat
@: no status effects
A: hooves 3, thin metallic scales 3, spiny 2
a: Renounce Religion, Stomp, Line Pass, Grand Finale


You were on level 1 of the Orcish Mines.
You worshipped Uskayaw.
Uskayaw was pleased with you.
You visited 3 branches of the dungeon, and saw 15 of its levels.
You also visited: Sewer.

You collected 1242 gold pieces.

Inventory:

Hand Weapons
 b - a +0 flail
 K - a +0 war axe of draining (weapon)
 V - a +1 demon whip of venom
Missiles
 d - a throwing net (quivered)
 e - 7 javelins
Armour
 c - a +0 helmet (worn)
 w - a +0 scale mail (worn)
 x - a +1 cloak of willpower (worn)
 I - a +0 pair of gloves (worn)
 P - a +2 buckler of poison resistance (worn)
Jewellery
 a - an amulet of the acrobat (around neck)
 r - a +6 ring of strength
 F - a ring of ice
 G - a ring of resist corrosion
 L - a ring of positive energy
 S - a ring of see invisible (right hand)
 T - a ring of protection from fire (left hand)
 Y - a ring of flight
 Z - a ring of protection from fire
Wands
 y - a wand of charming (13)
 H - a wand of digging (7)
 J - a wand of flame (44)
 M - a wand of mindburst (3)
 N - a wand of acid (7)
Scrolls
 j - 3 scrolls of revelation
 k - a scroll of torment {unknown}
 l - a scroll of silence {unknown}
 m - a scroll of vulnerability
 n - a scroll of noise {unknown}
 p - a scroll of identify
 s - 3 scrolls of teleportation
 t - 3 scrolls of poison {unknown}
 z - a scroll of fog {unknown}
 A - a scroll of blinking
 E - a scroll of acquirement {unknown}
 O - a scroll of butterflies {unknown}
 Q - a scroll of fear {unknown}
 X - 3 scrolls of enchant armour {unknown}
Potions
 f - 3 potions of haste
 g - a potion of magic {unknown}
 h - 4 potions of cancellation
 i - 5 potions of curing
 o - 4 potions of might
 q - a potion of invisibility {unknown}
 u - 2 potions of degeneration {unknown}
 v - 2 potions of heal wounds {unknown}
 B - a potion of resistance {unknown}
 C - 3 potions of mutation {unknown}
 D - a potion of brilliance {unknown}
 R - a potion of berserk rage {unknown}
 U - a potion of ambrosia {unknown}
 W - 2 potions of lignification {unknown}


   Skills:
 + Level 13.7 Fighting
 + Level 12.7 Axes
 - Level 2.0 Throwing
 - Level 3.0 Dodging
 - Level 5.0 Shields
 + Level 12.8 Invocations


You had 12 spell levels left.
You didn't know any spells.
Your spell library contained the following spells:

 Spells                   Type           Power      Damage    Failure   Level
 Apportation              Tloc           0%         N/A       85%         1
 Necrotise                Necr           0%         1d4       85%         1
 Slow                     Hex            0%         N/A       85%         1
 Sting                    Conj/Alch      0%         1d3       85%         1
 Summon Small Mammal      Summ           0%         N/A       85%         1
 Cigotuvi's Dreadful Rot  Necr/Alch/Air  0%         N/A       94%         2
 Ensorcelled Hibernation  Hex/Ice        0%         N/A       94%         2
 Confusing Touch          Hex            0%         N/A       99%         3
 Dazzling Flash           Conj/Hex       0%         N/A       99%         3
 Fugue of the Fallen      Necr           0%         N/A       99%         3
 Mephitic Cloud           Conj/Alch/Air  0%         N/A       99%         3
 Passwall                 Erth           0%         N/A       99%         3
 Sigil of Binding         Hex            0%         N/A       99%         3
 Swiftness                Air            0%         N/A       99%         3
 Vampiric Draining        Necr           0%         2d6       99%         3
 Anguish                  Hex/Necr       0%         N/A       100%        4
 Ignite Poison            Fire/Alch      0%         N/A       100%        4
 Curse of Agony           Necr           0%         N/A       100%        5
 Freezing Cloud           Conj/Ice/Air   0%         6-21      100%        5
 Silence                  Hex/Air        0%         N/A       100%        5


Dungeon Overview and Level Annotations

Branches:
Dungeon (12/15)            Temple (1/1) D:7            Lair (0/5) D:9
    Orc (2/2) D:10            Elf (0/3) Orc:2         Sewer (visited)

Altars:
Ashenzari
Cheibriados
Dithmenos
Fedhas
Gozag
Hepliaklqana
Kikubaaqudgha
Makhleb
Nemelex Xobeh
Okawaru
Qazlal
Ru
Sif Muna
Trog
Uskayaw
Vehumet
Wu Jian
Xom
Yredelemnul

Shops:
D:2 =

Portals:
Trove: D:11 (give 7 scrolls of fear)

Annotations:
D:4 1 runed translucent door, Crazy Yiuf
D:9 1 runed translucent door, Azoth's ghost, novice HORe
Orc:1 1 transporter, osoart's ghost, adept MfSh


Innate Abilities, Weirdness & Mutations

You have hooves in place of feet.
You are completely covered in thin metallic scales. (AC +4, rElec)
You are mostly covered in sharp spines.


Message History

Unknown command.
You are too injured to fight recklessly!
You are too injured to fight recklessly!
You hit the orc knight but do no damage.
You kill the orc warrior! x2
You drain the orc knight. Your kick misses the orc knight.
The orc knight is severely wounded.
You slash the ogre!
The orc knight is no longer sharing its pain.
You block the ogre's attack. The orc knight barely misses you.
An orc comes into view. It is wielding a +0 sling.
You can now merge with and destroy a victim.
You hit the orc knight. You drain the orc knight.
You kick the orc knight, but do no damage.
The orc knight is severely wounded.
You slash the ogre!
You kill the ogre!
The orc knight roars a battlecry!
The orcs go into a battle-frenzy!
You block the orc knight's attack.
You hit the orc knight. You drain the orc knight.
The orc knight is almost dead.
An orc warrior comes into view. It is wielding a +0 flail.
The orc knight hits you with a +2 great sword!
* * * LOW HITPOINT WARNING * * *
Unknown command.
You barely miss the orc knight.
The orc knight is almost dead.
The orc warrior shouts!
You block the orc knight's attack.
The orc shoots a sling bullet.
The sling bullet closely misses you.
The sling bullet misses the orc knight.
Unknown command.
Throw: 2 throwing nets
Press: ? - help, Q - select action, (/) - cycle Shift-Dir - straight line, f - orc knight
Aim: an orc knight, wielding a +2 great sword and wearing a +0 plate armour (almost dead, strong, heavily drained, 64% to hit)
You throw a throwing net.
The throwing net closely misses the orc knight.
The orc knight is struck by your spines.
The orc knight hits you with a +2 great sword!!
You die...

......# #.... ........##
###... ....#..#.##
##.##.. ..........#
#...... #.........##
##.....
.....#...#.##########.#.
.......))).......####.##
......)).....###..##....
......)@o##### ##.###...
..>.#.))## ..h. #..#....
....oo.## ..h#..##......
.oo.... ..#...#.#.#.)#.
....... #..##.#. #......
....... #.# .#!##....))
..#.... .#h#....)).
....... #©.=h#©......
...#.=#.......


You could see 2 orc knights, an orc warrior (strong) and 2 orcs.

Vanquished Creatures
  A centaur warrior (D:10)
  A boulder beetle (D:10)
  6 two-headed ogres
  A death yak (D:9)
  Amaemon (D:8)
  2 deep elf pyromancers (D:10)
  An orc knight (D:10)
  A manticore (D:11)
  An ugly thing (D:12)
  2 kobold blastminers (Orc:1)
  2 gargoyles
  2 unseen horrors
  An orange demon (D:8)
  A kobold demonologist (D:10)
  An efreet (D:10)
  A komodo dragon (D:11)
  A tengu conjurer (D:10)
  Psyche (D:8)
  A freezing wraith (D:10)
  3 trolls
  A hornet (D:10)
  A polar bear (D:9)
  Grinder (D:5)
  A wraith (D:10)
  A shadow (D:10)
  A slime creature (D:10)
  5 wyverns
  28 yaks
  2 basilisks (D:9)
  A warg (Orc:1)
  An unseen horror simulacrum (D:9)
  3 steam dragons
  Grum (D:11)
  11 vampire mosquitoes
  2 water moccasins
  2 acid dragons
  4 ice beasts
  A black bear (D:6)
  12 orc warriors
  7 centaurs
  4 ogres
  5 wolves
  2 brain worms (Sewer)
  3 kobold brigands
  3 bullfrogs
  5 scorpions
  6 wights (D:7)
  25 killer bees
  An electric eel (D:7)
  3 howler monkeys
  A crimson imp (D:7)
  2 bombardier beetles
  14 orc priests
  A jelly (D:6)
  4 hounds
  2 iguanas
  A sleepcap (D:5)
  Natasha (thrice) (D:3)
  10 orc wizards
  A centaur simulacrum (D:9)
  2 gnolls (D:3)
  3 river rats (Sewer)
  8 adders
  A howler monkey simulacrum (D:9)
  4 white imps
  3 ufetubi (D:9)
  2 ribbon worms
  7 dart slugs
  70 orcs
  7 bats
  6 endoplasms
  6 giant cockroaches
  7 goblins
  5 hobgoblins
  5 jackals
  4 quokkas
  11 ball pythons
  14 frilled lizards
  5 hobgoblin zombies (D:7)
  23 kobolds
  A kobold skeleton (D:7)
  3 kobold zombies (D:7)
  2 orc skeletons (D:7)
  An orc zombie (D:7)
  13 rats
426 creatures vanquished.

Vanquished Creatures (collateral kills)
  A centaur (D:9)
1 creature vanquished.

Vanquished Creatures (others)
  A centaur (D:9)
1 creature vanquished.

Grand Total: 428 creatures vanquished

Notes
Turn   | Place    | Note
-------+----------+-------------------------------------------
     0 | D:1      | grandjackal the Demonspawn Gladiator began the quest for
                  | the Orb.
     0 | D:1      | Reached XP level 1. HP: 16/16 MP: 1/1
   121 | D:1      | Gained mutation: You are partially covered in thin metallic
                  | scales. (AC +2) [demonic ancestry]
   121 | D:1      | Reached XP level 2. HP: 14/22 MP: 2/2
   342 | D:1      | Found a faded altar of an unknown god.
   788 | D:1      | Gained mutation: You have large cloven feet. [demonic
                  | ancestry]
   788 | D:1      | Reached XP level 3. HP: 28/28 MP: 3/3
   881 | D:2      | Found Buwasyovoont's Jewellery Shoppe.
  1077 | D:2      | Reached skill level 3 in Fighting
  1232 | D:2      | Reached XP level 4. HP: 34/35 MP: 4/4
  1980 | D:3      | Gained mutation: You are partially covered in sharp spines.
                  | [demonic ancestry]
  1980 | D:3      | Reached XP level 5. HP: 23/42 MP: 5/5
  2313 | D:3      | Reached skill level 4 in Fighting
  2365 | D:3      | Noticed Natasha
  2370 | D:3      | Killed Natasha
  2433 | D:3      | Noticed Natasha
  2438 | D:3      | Killed Natasha
  2734 | D:3      | Noticed Natasha
  2738 | D:3      | Killed Natasha
  2739 | D:3      | Reached XP level 6. HP: 47/49 MP: 6/6
  2829 | D:4      | Found a glowing drain.
  2842 | Sewer    | Entered a sewer
  2931 | Sewer    | Reached skill level 5 in Fighting
  2931 | Sewer    | Reached skill level 5 in Axes
  3294 | D:4      | Reached XP level 7. HP: 56/56 MP: 7/7
  3380 | D:4      | Found a broken altar of Ashenzari.
  3636 | D:4      | Found a radiant altar of Vehumet.
  3843 | D:4      | Found a sparkling altar of Nemelex Xobeh.
  3891 | D:4      | Found a runed translucent door.
  3892 | D:4      | Noticed Crazy Yiuf
  3910 | D:5      | Entered Level 5 of the Dungeon
  3976 | D:5      | Reached skill level 6 in Fighting
  4155 | D:5      | Noticed Grinder
  4163 | D:5      | Paralysed by Grinder for 2 turns
  4165 | D:5      | Killed Grinder
  4166 | D:5      | Gained mutation: You are mostly covered in sharp spines.
                  | [demonic ancestry]
  4166 | D:5      | Reached XP level 8. HP: 48/65 MP: 8/8
  4220 | D:5      | Found a sacrificial altar of Ru.
  4276 | D:5      | Reached skill level 7 in Fighting
  5107 | D:6      | Reached skill level 1 in Shields
  5114 | D:6      | Reached skill level 8 in Fighting
  5255 | D:6      | Reached XP level 9. HP: 37/75 MP: 9/9
  5723 | D:6      | Reached skill level 9 in Fighting
  6096 | D:6      | Found a stormy altar of Qazlal.
  6263 | D:6      | Found a basalt altar of Yredelemnul.
  6316 | D:7      | Found an ancient bone altar of Kikubaaqudgha.
  6316 | D:7      | Found a snail-covered altar of Cheibriados.
  6501 | D:7      | Found a staircase to the Ecumenical Temple.
  6649 | Temple   | Entered the Ecumenical Temple
  7211 | D:7      | Gained mutation: You have hoof-like feet. [demonic
                  | ancestry]
  7211 | D:7      | Reached XP level 10. HP: 79/83 MP: 10/10
  7218 | D:7      | Reached skill level 5 in Shields
  7376 | Temple   | Became a worshipper of Uskayaw the Reveller
  7457 | D:8      | Reached * piety under Uskayaw
  7458 | D:8      | Reached ** piety under Uskayaw
  7460 | D:8      | Reached *** piety under Uskayaw
  7462 | D:8      | Reached skill level 1 in Invocations
  7462 | D:8      | Reached **** piety under Uskayaw
  7490 | D:8      | Identified the +7 falchion "Rueloekh" {flame, Fly Int+2}
  7732 | D:8      | Found an opulent altar of Gozag.
  7770 | D:8      | Noticed Amaemon
  7770 | D:8      | Noticed an orange demon
  7785 | D:8      | Killed an orange demon
  7786 | D:8      | Reached skill level 10 in Fighting
  7786 | D:8      | Killed Amaemon
  7786 | D:8      | Reached ***** piety under Uskayaw
  8038 | D:8      | Noticed Psyche
  8044 | D:8      | Killed Psyche
  8228 | D:9      | Reached skill level 5 in Invocations
  8411 | D:9      | Noticed a death yak
  8416 | D:9      | Reached skill level 10 in Axes
  8420 | D:9      | Killed a death yak
  8421 | D:9      | Reached skill level 11 in Fighting
  8421 | D:9      | Gained mutation: You are mostly covered in thin metallic
                  | scales. (AC +3) [demonic ancestry]
  8421 | D:9      | Reached XP level 11. HP: 69/93 MP: 14/16
  8650 | D:9      | Found a shadowy altar of Dithmenos.
  8819 | D:9      | Found an ornate altar of the Wu Jian Council.
  9160 | D:9      | Found a runed translucent door.
  9161 | D:9      | Found a shimmering altar of Xom.
  9161 | D:9      | Noticed Azoth's ghost (novice HORe)
  9161 | D:9      | Noticed a +1 rapier of chaos
  9507 | D:9      | Found a staircase to the Lair.
  9706 | D:10     | Entered Level 10 of the Dungeon
  9733 | D:10     | Found a staircase to the Orcish Mines.
  9850 | D:10     | Noticed a two-headed ogre
  9853 | D:10     | Killed a two-headed ogre
  9929 | D:10     | Noticed a two-headed ogre
  9941 | D:10     | Killed a two-headed ogre
  9943 | D:10     | Noticed a two-headed ogre
  9950 | D:10     | Reached ****** piety under Uskayaw
 10237 | D:10     | Killed a two-headed ogre
 10238 | D:10     | Reached skill level 12 in Fighting
 10322 | D:10     | Noticed a two-headed ogre
 10323 | D:10     | Noticed a deep elf pyromancer
 10324 | D:10     | Noticed a centaur warrior
 10325 | D:10     | Noticed an orc knight
 10334 | D:10     | Killed a two-headed ogre
 10337 | D:10     | Killed a centaur warrior
 10338 | D:10     | Reached skill level 10 in Invocations
 10341 | D:10     | Killed an orc knight
 10342 | D:10     | Gained mutation: You are completely covered in thin
                  | metallic scales. (AC +4, rElec) [demonic ancestry]
 10342 | D:10     | Reached XP level 12. HP: 79/103 MP: 19/19
 10432 | D:10     | Noticed a two-headed ogre
 10433 | D:10     | Noticed a boulder beetle
 10442 | D:10     | Killed a two-headed ogre
 10448 | D:10     | Killed a boulder beetle
 10934 | D:10     | Reached skill level 13 in Fighting
 10962 | D:10     | Found a bloodstained altar of Trog.
 11387 | D:11     | Noticed Grum
 11395 | D:11     | Killed Grum
 11585 | D:11     | Found a portal to a secret trove of treasure.
 11599 | D:11     | Noticed a two-headed ogre
 11607 | D:11     | Killed a two-headed ogre
 13169 | Orc:1    | Entered Level 1 of the Orcish Mines
 13442 | Orc:1    | Gained mutation: You have hooves in place of feet. [demonic
                  | ancestry]
 13442 | Orc:1    | Reached XP level 13. HP: 111/112 MP: 22/22
 13473 | Orc:1    | You fall into a shaft and drop 1 floor!
 13473 | Orc:2    | Entered Level 2 of the Orcish Mines
 13473 | Orc:2    | Found a staircase to the Elven Halls.
 13503 | Orc:1    | Found a transporter.
 13512 | Orc:1    | Noticed osoart's ghost (adept MfSh)
 13575 | Orc:1    | Mangled by an orc knight

Illustrated notes

Levels and vault maps discovered:
D:1:      zelgadis_glass_arrival_small, layout_loops_ring,
          nicolae_ecumenical_lake_church, feat_on_display
D:2:      layout_loops_ring, serial_shops, nicolae_shop_just_a_little_nook,
          minivault_26, serial_bayou_crossing
D:3:      minmay_chambers_of_twos, layout_basic, chequers_serial_rivers_small_3,
          uniq_natasha
D:4:      layout_basic, lemuel_doored_altar, lemuel_round_altar,
          nemelex_diamond_rough_becter, portal_sewer_entry_c, nicolae_titane,
          uniq_crazy_yiuf_cottage
D:5:      layout_loops_corners, mainiacjoe_overflow_cross_hatched, uniq_grinder
D:6:      layout_basic, kennysheep_ying_yang, nicolae_qazlal_style_of_elements
D:7:      layout_loops_cross, nicolae_tso_besieged_by_evil,
          chequers_temple_overflow_statue_of_worship, minmay_temple_entry_tees,
          kennysheep_generic_room_4
D:8:      layout_loops_ring, kennysheep_mini, uniq_amaemon, uniq_psyche
D:9:      layout_basic, mainiacjoe_overflow_small_starburst,
          general_overflow_altar, erik_lair_dragon, serial_ice, serial_ice_h,
          serial_ice_l, serial_ice_g, serial_ice_o, ebering_ghost_xom,
          centaur_isle
D:10:     minmay_the_grid_4x2 [minmay_the_grid_aliased_spiral,
          minmay_the_grid_empty, minmay_the_grid_gridbox, minmay_the_grid_x,
          minmay_the_grid_diamond_grid, minmay_the_grid_broken_lines,
          minmay_the_grid_empty, minmay_the_grid_prize_four_corners],
          layout_loops_ring, bloody_trog, hiddenorc2_lemuel
D:11:     layout_basic, enter_trove_6, uniq_grum
D:12:     layout_basic, serial_corexii_hall, chequers_hall_statues_corner_a,
          chequers_hall_statues_corner_a
Temple:   hellmonk_temple_beads
Orc:1:    layout_caves, gammafunk_ghost_berserking_beasts,
          blackcustard_rock_pile
Orc:2:    grunt_orc_cross, layout_diamond_mine, nicolae_orc_crystal_geode

Skill      XL: |  1  2  3  4  5  6  7  8  9 10 11 12 |
---------------+-------------------------------------+-----
Throwing       | 2 |  2.0
Dodging        | 3 |  3.0
Axes           | 3 4 5 6 7 9 10 11 12 | 12.7
Fighting       | 3 4 5 6 8 9 11 12 13 | 13.7
Shields        | 2 4 5 |  5.0
Invocations    | 6 10 12 | 12.8

Action                     |  1- 3 |  4- 6 |  7- 9 | 10-12 | 13-15 || total
---------------------------+-------+-------+-------+-------+-------++-------
  Melee: War axe           |    88 |   168 |   195 |   459 |    25 ||   935
         Kick              |     8 |    44 |    60 |   147 |     8 ||   267
         Punch             |       |     1 |       |       |       ||     1
         Battleaxe         |       |       |    14 |       |       ||    14
  Throw: Throwing net      |       |       |     1 |       |     1 ||     2
  Evoke: Wand              |       |       |       |    22 |       ||    22
    Use: Scroll            |       |       |       |    10 |       ||    10
         Potion            |       |       |       |     4 |       ||     4
   Stab: Sleeping          |       |     1 |       |       |       ||     1
         Held in net/web   |       |       |     1 |       |       ||     1
         Paralysed         |       |       |       |    56 |    10 ||    66
 Armour: Leather armour    |    67 |     9 |       |       |       ||    76
         Ring mail         |       |    24 |       |       |       ||    24
         Scale mail        |       |    57 |   160 |   320 |    16 ||   553
  Dodge: Dodged            |    68 |   119 |    92 |   178 |     6 ||   463
  Block: Buckler           |       |       |    56 |   181 |    10 ||   247

Table legend: (Time is in decaauts)
 A = Elapsed time spent in this place.
 B = Non-inter-level travel time spent in this place.
 C = Inter-level travel time spent in this place.
 D = Time resting spent in this place.
 E = Time spent auto-exploring this place.
 F = Levels seen in this place.
 G = Mean time per level.
                   A        B        C        D        E       F      G
               +--------+--------+--------+--------+--------+-----+--------+
         Total |  13705 |  13197 |    508 |   2464 |   8405 |  16 |  856.6 |
       Dungeon |  12963 |  12535 |    428 |   2464 |   7990 |  12 | 1080.2 |
        Temple |     81 |      2 |     79 |      0 |      0 |   1 |   81.0 |
  Orcish Mines |    178 |    178 |      0 |      0 |     91 |   2 |   89.0 |
         Sewer |    482 |    482 |      0 |      0 |    324 |   1 |  482.0 |
               +--------+--------+--------+--------+--------+-----+--------+

Top non-repeatable levels by time:
     D:9: 1730 daAuts
    D:10: 1565 daAuts
     D:6: 1242 daAuts
     D:5: 1176 daAuts
    D:11: 1135 daAuts
     D:3: 1131 daAuts
     D:7: 1067 daAuts
     D:1: 904 daAuts
     D:2: 792 daAuts
     D:8: 762 daAuts
     D:4: 740 daAuts
    D:12: 713 daAuts
   Sewer: 482 daAuts
   Orc:1: 174 daAuts
  Temple: 81 daAuts
